 Dungeon Crawl Stone Soup version 0.25-a0-781-gc44aebf (webtiles) character file.

Game seed: 5491059779675401742, levelgen mode: deterministic

808200 TombWorld the Conqueror (level 27, -2/273 HPs)
             Began as a Ghoul Berserker on Apr 13, 2020.
             Was the Champion of Trog.
             Killed by divine providence
             ... invoked by a greater mummy
              (7 damage)
             ... on level 2 of the Tomb of the Ancients on Apr 15, 2020.
             The game lasted 05:32:54 (86010 turns).

TombWorld the Conqueror (Ghoul Berserker)          Turns: 86010, Time: 05:32:55

Health: -2/273     AC: 54    Str: 29    XL:     27
Magic:  22/22      EV: 13    Int:  8    God:    Trog [******]
Gold:   2590       SH: 33    Dex:  8    Spells: 26/26 levels left

rFire    + + .     SeeInvis +     - Unarmed
rCold    + . .     Gourm    .   E - +1 tower shield {reflect}
rNeg     + + +     Faith    .   y - +13 crystal plate armour of Minor Irritation {MR+ Int+3}
rPois    ∞         Spirit   .   l - +0 mask of the Dragon {MR+ Slay+3 SInv}
rElec    +         Reflect  +   M - +1 cloak {+Inv}
rCorr    .         Harm     .   r - +1 pair of gloves "Tuoz" {*Corrode Slay+5}
MR       ++...                  j - +2 pair of boots {run}
Stlth    ..........             h - +6 amulet of reflection
HPRegen  0.00/turn              Y - ring of the Tarantula {rElec rPois rF+ Str-5 Slay+6}
MPRegen  0.18/turn              G - ring of Ynunne Hunu {rElec rF+ MR+ AC+3 Str+3}

@: about to teleport, silence, vulnerable, marked, very slightly contaminated,
rotting, slowed, invisible, very slow
A: rotting body, claws 1, carnivore, cold resistance 1, negative energy
resistance 3, inhibited regeneration, torment resistance, unbreathing
}: 5/15 runes: decaying, serpentine, slimy, silver, abyssal
a: Renounce Religion


You were on level 2 of the Tomb of the Ancients.
You worshipped Trog.
Trog was exalted by your worship.
You were not hungry.

You visited 13 branches of the dungeon, and saw 60 of its levels.
You visited the Abyss 1 time.
You also visited: Bailey and Volcano.

You collected 10215 gold pieces.
You spent 7625 gold pieces at shops.

Inventory:

Hand Weapons
 b - the +6 arbalest "Damnation" {damnation}
   (You bought it in a shop on level 4 of the Vaults)
Missiles
 c - 22 javelins (quivered)
 g - 27 atropa-tipped darts
 C - 8 throwing nets
 F - 29 datura-tipped darts
 I - 2184 bolts
 T - 11 curare-tipped darts
 V - 8 silver boomerangs
Armour
 d - the +10 pearl dragon scales of the Elven Halls {+Blink +Inv rN+ rCorr Dex-3}
   (You found it on level 3 of the Crypt)

   It affects your dexterity (-3).
   It protects you from negative energy.
   It lets you turn invisible.
   It lets you blink.
   It provides partial protection from all sources of acid and corrosion.
 j - a +2 pair of boots of running (worn)
 l - the +0 mask of the Dragon (worn) {MR+ Slay+3 SInv}
   (You found it on level 4 of the Realm of Zot)

   It affects your accuracy and damage with ranged weapons and melee attacks
   (+3).
   It affects your resistance to hostile enchantments.
   It lets you see invisible.
 r - the +1 pair of gloves "Tuoz" (worn) {*Corrode Slay+5}
   (You acquired it on level 5 of the Pits of Slime)

   It affects your accuracy and damage with ranged weapons and melee attacks
   (+5).
   It may corrode you when you take damage.
 y - the +13 crystal plate armour of Minor Irritation (worn) {MR+ Int+3}
   (You acquired it on level 4 of the Depths)

   It affects your intelligence (+3).
   It affects your resistance to hostile enchantments.
 E - a +1 tower shield of reflection (worn)
 M - a +1 cloak of invisibility (worn)
 W - +0 gold dragon scales
 X - the +0 hat of Fun {-Cast rF+++ MR+++ Dex-2}
   (You found it on level 2 of the Depths)

   It affects your dexterity (-2).
   It renders you almost immune to fire.
   It affects your resistance to hostile enchantments.
   It prevents spellcasting.
Jewellery
 h - a +6 amulet of reflection (around neck)
 t - the ring "Ulog" {+Fly rElec rPois rF+ rCorr Str-5}
   (You took it off a tengu warrior on level 4 of the Depths)

   [ring of resist corrosion]

   It affects your strength (-5).
   It protects you from fire.
   It insulates you from electricity.
   It protects you from poison.
   It lets you fly.
   It provides partial protection from all sources of acid and corrosion.
 x - an uncursed ring of protection from cold
 G - the ring of Ynunne Hunu (right hand) {rElec rF+ MR+ AC+3 Str+3}
   (You bought it in a shop on level 2 of the Depths)

   [ring of protection]

   It affects your AC (+3).
   It affects your strength (+3).
   It protects you from fire.
   It insulates you from electricity.
   It affects your resistance to hostile enchantments.
 Y - the ring of the Tarantula (left hand) {rElec rPois rF+ Str-5 Slay+6}
   (You acquired it on level 2 of the Orcish Mines)

   [ring of protection from fire]

   It affects your strength (-5).
   It affects your accuracy and damage with ranged weapons and melee attacks
   (+6).
   It protects you from fire.
   It insulates you from electricity.
   It protects you from poison.
Wands
 k - a wand of digging (7)
 p - a wand of acid (78)
 N - a wand of iceblast (35)
 P - a wand of clouds (7)
Scrolls
 a - 31 scrolls of remove curse
 e - 5 scrolls of fear
 f - 10 scrolls of immolation
 i - 2 scrolls of summoning
 n - a scroll of torment
 q - 12 scrolls of enchant armour
 w - 35 scrolls of teleportation
 A - 3 scrolls of fog
 B - 9 scrolls of enchant weapon
 D - 2 scrolls of silence
 O - 8 scrolls of magic mapping
 R - 26 scrolls of identify
 U - a scroll of brand weapon
Potions
 m - 10 potions of cancellation
 o - 4 potions of haste
 v - 19 potions of curing
 z - 4 potions of resistance
 H - 3 potions of invisibility
 J - 9 potions of flight
 K - a potion of might
 Q - 3 potions of ambrosia
Miscellaneous
 S - a phantom mirror
Comestibles
 s - 83 rations


   Skills:
 O Level 27 Fighting
 - Level 16.0 Throwing
 + Level 22.8 Armour
 + Level 15.6 Dodging
 - Level 0.4 Stealth
 + Level 25.3 Shields
 O Level 27 Unarmed Combat


You had 26 spell levels left.
You didn't know any spells.
Your spell library was empty.

Dungeon Overview and Level Annotations

Branches:
Dungeon (15/15)            Temple (0/1) D:4            Lair (6/6) D:11
  Swamp (4/4) Lair:2        Snake (4/4) Lair:4        Slime (5/5) Lair:5
    Orc (2/2) D:9             Elf (3/3) Orc:2        Vaults (5/5) D:14
  Crypt (3/3) Vaults:3       Tomb (2/3) Crypt:3      Depths (5/5) D:15
   Hell (visited)             Zot (5/5) Depths:5     Bailey (visited)
Volcano (visited)
    Dis: Hell:1         Geh: Hell:1         Coc: Hell:1         Tar: Hell:1

Altars:
Ashenzari
Dithmenos
Fedhas
Makhleb
Qazlal
Vehumet
Xom
Yredelemnul
The Shining One
Beogh
Jiyva

Shops:
D:11 }   D:12 (   D:13 %   Orc:1 **:}*   Orc:2 [*:(   Elf:1 %   Elf:3 %
Snake:3 (}}*:   Vaults:1 !(***   Vaults:3 }   Vaults:4 [*((   Vaults:5 }?!}
Depths:2 ==}   Depths:5 (

Portals:
Hell: Depths:1 Depths:2 Depths:3 Depths:4 Depths:5
Abyss: Depths:4
Pandemonium: Depths:2 Depths:3 Depths:5
Ziggurat: Depths:2


Innate Abilities, Weirdness & Mutations

Your body is rotting away.
You thrive on raw meat.
You are immune to poison.
You have sharp fingernails.
You are carnivorous and can eat meat at any time.
Your flesh is cold resistant. (rC+)
You are immune to negative energy. (rN+++)
You do not regenerate when monsters are visible.
You are immune to unholy pain and torment.
You can survive without breathing.


Message History

A mummy comes into view.
Unknown command.
As you read the scroll of teleportation, it crumbles to dust.
You feel strangely unstable.
The flying skull gives a hideous shriek!
The ufetubus shouts!
The death scarab sets off the alarm!
The alarm trap emits a blaring wail!
A sentinel's mark forms upon you. The wraith closely misses you.
You block the death scarab's attack. You block the neqoxec's attack.
You block the shadow wraith's attack. You block the death scarab's attack.
As you read the scroll of silence, it crumbles to dust.
A profound silence engulfs you. You block the death scarab's attack. x2
The death scarab bites you but does no damage.
You block the death scarab's attack. The death scarab barely misses you.
The death scarab misses you.
The greater mummy points at you and mumbles some strange words.
Something smites you!
You die...

#1s####.....##..........
#..##.W3zWW.M.........MM
#....4.s1##...s.....##..
#......z.###.ss....## ..
#....s52Ms##3M.....##...
#....ssMs.MsMWs..^.....#
#...ZMsLWsz.W..[.......
#....s3LWsMM.....3.....^
#....ss@sW.M............
#....s#..............W..
#.....##.....†.....MZ..
+..M...#.........M.MV..
#..... ...##......s##..
#.... ..###...§..s## . #
..##..M..§sM.#
.....M.WssWss...
.....zMWWs.s...


You could see 3 greater mummies, a Hell Sentinel, 8 emperor scorpions, 2 ancient
liches, a green death, a mummy priest, a soul eater, a sun demon, a shadow
wraith (invisible), a phantasmal warrior, an ice devil, 2 freezing wraiths, a
neqoxec, 3 wraiths, 11 death scarabs, 3 flying skulls, 6 mummies, an ufetubus
and a golden dragon zombie.

Vanquished Creatures
  the Royal Jelly (Slime:5)
  Khufu (Crypt:3)
  3 orbs of fire
  2 juggernauts
  4 ancient liches
  The ghost of FromWork the Merfolkian Porcupine, a legendary MfBe of Trog (Zot:1)
  3 greater mummies
  16 Killer Klowns
  Saint Roka (Crypt:2)
  Geryon (Hell)
  3 curse toes
  A caustic shrike (Zot:5)
  7 golden dragons
  3 bone dragons
  Jory (Crypt:2)
  5 electric golems
  15 tentacled monstrosities
  A deep elf blademaster (Elf:3)
  25 Orb Guardians
  A deep elf master archer (Elf:3)
  18 acid blobs
  7 quicksilver dragons
  8 titans (Vaults:5)
  14 liches
  An Executioner (Abyss:3)
  7 tentacled starspawn
  5 ancient champions
  Frances (Swamp:2)
  9 death cobs
  8 tengu reavers
  11 sphinxes
  A thorn hunter (Swamp:3)
  14 storm dragons
  A revenant (Tomb:1)
  13 shadow dragons
  10 nagarajas
  3 draconian monks
  13 deep elf sorcerers
  A daeva (Depths:2)
  10 azure jellies
  8 frost giants
  11 fire giants
  5 draconian knights
  Aizul (Snake:3)
  10 draconian scorchers
  10 ghouls
  2 balrugs
  5 iron dragons
  6 ghost moths
  17 vault wardens
  3 curse skulls
  6 draconian shifters
  4 deep elf elementalists (Elf:3)
  7 draconian stormcallers
  2 cacodemons
  An angel (Depths:2)
  5 reapers
  2 spriggan defenders (Depths:5)
  23 stone giants
  18 ironheart preservers
  8 draconian annihilators
  3 war gargoyles
  21 very ugly things
  8 purple draconians
  A lorocyproca (Abyss:2)
  7 vampire knights
  13 yellow draconians
  9 green draconians
  6 dire elephants (Lair:6)
  13 white draconians
  17 black draconians
  8 deep elf demonologists
  10 red draconians
  6 eidola
  6 deep elf annihilators
  The ghost of Qebum the Bludgeoner, a journeyman HuBe of Trog (Lair:5)
  5 mummy priests
  16 ettins
  Josephine (D:11)
  10 deep elf death magi
  A blizzard demon (Depths:4)
  11 deep elf high priests
  9 fire dragons
  10 death oozes
  18 yaktaur captains
  12 great orbs of eyes
  38 vault guards
  11 jiangshi
  12 hydras
  8 rakshasas
  12 ice dragons
  Harold (Orc:1)
  15 naga warriors
  2 shambling mangroves
  A ghost crab (Swamp:4)
  9 anacondas
  2 hell beasts
  4 centaur warriors
  4 catoblepae
  53 two-headed ogres
  34 dancing weapons
  8 alligators
  7 death knights
  17 ogre magi
  9 deep troll shamans
  15 deep troll earth magi
  21 death yaks
  An orc high priest (Elf:3)
  5 death scarabs (Tomb:2)
  16 tengu warriors
  13 naga sharpshooters
  7 soul eaters
  12 spriggan berserkers
  5 vampire magi
  5 thrashing horrors
  Urug (Orc:1)
  16 hell knights
  9 shock serpents
  7 sun demons
  31 deep elf knights
  Nergalle (Lair:4)
  Sonja (Orc:1)
  6 wretched stars
  A fire crab (shapeshifter) (Depths:5)
  2 titan skeletons
  4 sixfirhies
  8 iron trolls
  29 skeletal warriors
  2 spark wasp zombies
  A death drake (Abyss:3)
  A salamander mystic (Snake:2)
  27 deep trolls
  2 iron giant zombies
  A storm dragon skeleton (Depths:2)
  11 naga ritualists
  2 quicksilver dragon simulacra (Depths:4)
  2 sea snakes (Snake:3)
  5 shadow wraiths
  3 spriggan druids
  3 spatial maelstroms (Abyss:3)
  7 glowing orange brains
  36 starcursed masses
  5 swamp dragons
  A spectral hydra (Swamp:4)
  10 flayed ghosts
  22 deep elf archers
  2 golden dragon zombies
  An orange crystal statue (Vaults:1)
  2 harpies (shapeshifter) (Depths:3)
  5 orc knights
  An iron dragon zombie (Depths:5)
  10 wizards
  9 phantasmal warriors
  12 necromancers
  19 ironbrand convokers
  2 lindwurms
  4 oklob plants (Lair:1)
  A wolf spider zombie (D:15)
  8 shining eyes
  A sphinx zombie (Vaults:2)
  11 mana vipers
  An orb spider (shapeshifter) (Vaults:4)
  2 manticores (D:14)
  7 wolf spiders
  5 orc sorcerers
  A wolf spider (shapeshifter) (Vaults:5)
  24 ugly things
  A shadow dragon skeleton (Depths:2)
  A stone giant zombie (Crypt:2)
  83 deep elf magi
  A tengu skeleton (Depths:1)
  19 elephants
  15 cyclopes
  13 salamanders
  A frost giant zombie (Vaults:5)
  A human skeleton (Vaults:2)
  A faun (shapeshifter) (Depths:4)
  4 worldbinders
  23 moths of wrath
  A centaur zombie (D:11)
  2 fire giant zombies
  15 rust devils
  A dire elephant zombie (Crypt:1)
  2 apocalypse crabs (Abyss:2)
  A fire giant skeleton (Depths:2)
  5 smoke demons
  6 guardian serpents
  A molten gargoyle (Volcano)
  An ice statue (Depths:4)
  Joseph (D:7)
  2 eyes of devastation
  26 naga magi
  A titan simulacrum (Crypt:3)
  Maurice (Orc:1)
  Psyche (D:8)
  29 black mambas
  An elephant (shapeshifter) (Vaults:2)
  Maggie (D:10)
  5 gargoyles
  12 vault sentinels
  An orange demon (Abyss:3)
  2 torpor snails
  2 frost giant skeletons
  18 spiny frogs
  3 rime drakes
  2 spriggan zombies
  2 spiny frogs (shapeshifter)
  3 hellions
  A komodo dragon (shapeshifter) (Vaults:3)
  21 small abominations
  54 yaktaurs
  10 komodo dragons
  A tormentor (Hell)
  3 swamp worm zombies (Swamp:4)
  2 efreet
  12 freezing wraiths
  A hellwing (Depths:2)
  5 ice devils
  3 hydra zombies (Swamp:4)
  A green draconian skeleton (Crypt:3)
  9 trolls
  5 catoblepas skeletons (Abyss:3)
  7 tyrant leeches
  2 harpy zombies
  A merfolk (D:11)
  A troll (shapeshifter) (Depths:3)
  2 meliai (shapeshifter)
  9 red devils
  5 tengu conjurers
  8 ancient zymes
  17 guardian mummies
  A jumping spider (shapeshifter) (Elf:3)
  Grinder (D:5)
  2 queen bees (shapeshifter)
  A polar bear (Lair:6)
  A merfolk (shapeshifter) (Vaults:5)
  A shadow dragon simulacrum (Abyss:3)
  A fire dragon zombie (Depths:1)
  20 hornets
  A meliai zombie (Crypt:3)
  5 spectral swamp dragons (Swamp:4)
  A hippogriff (shapeshifter) (Depths:3)
  A dream sheep (shapeshifter) (Depths:3)
  16 bog bodies
  4 alligator zombies (Swamp:4)
  15 raiju
  100 slime creatures
  A dream sheep (Lair:5)
  3 blink frogs (Lair:6)
  9 hippogriffs
  2 stone giant simulacra
  An ettin zombie (Crypt:1)
  A snapping turtle (shapeshifter) (Vaults:5)
  16 large abominations
  12 flying skulls
  A frost giant simulacrum (Vaults:5)
  A centaur simulacrum (D:14)
  12 spriggans
  An ettin skeleton (Crypt:1)
  6 shadows
  4 ynoxinuls (Abyss:3)
  6 air elementals
  A spriggan skeleton (Depths:2)
  A tarantella (shapeshifter) (D:11)
  5 wyverns
  3 ice dragon skeletons
  4 water elementals
  3 vampires
  A hog (shapeshifter) (D:15)
  9 ushabtiu (Tomb:1)
  18 wraiths
  11 golden eyes
  A tyrant leech zombie (Crypt:1)
  8 basilisks
  11 fire bats
  29 yaks
  A basilisk (shapeshifter) (Elf:1)
  3 chaos spawn (Abyss:3)
  21 vampire mosquitoes
  5 fire elementals
  6 neqoxecs
  A wind drake skeleton (Crypt:2)
  A steam dragon (Lair:3)
  3 humans
  2 hungry ghosts (D:8)
  50 nagas
  An acid dragon (D:14)
  A warg (shapeshifter) (Vaults:5)
  3 wargs
  A harpy simulacrum (Crypt:1)
  A soldier ant (shapeshifter) (D:14)
  28 insubstantial wisps
  3 spatial vortices (Abyss:3)
  17 swamp worms
  A floating eye (shapeshifter) (Abyss:3)
  10 hell hounds
  10 porcupines
  10 water moccasins
  41 orc warriors
  A monstrous demonspawn zombie (Crypt:1)
  2 human zombies
  6 ice beasts
  4 black bears
  8 eyes of draining
  4 sky beasts
  A hornet zombie (D:8)
  7 phantoms
  10 swamp drakes
  A dream sheep zombie (Crypt:2)
  6 ettin simulacra
  7 wolves
  42 ogres
  4 swamp dragon zombies (Swamp:4)
  15 boggarts
  An eye of draining (shapeshifter) (Vaults:5)
  6 necrophages
  24 centaurs
  A manticore skeleton (Crypt:1)
  3 snapping turtle skeletons
  9 crocodiles
  Blork the orc (D:5)
  6 big kobolds
  13 bullfrogs
  A merfolk simulacrum (Abyss:2)
  11 earth elementals
  3 scorpions
  A shapeshifter zombie (Crypt:1)
  3 wyvern skeletons
  17 wights
  A human simulacrum (Vaults:2)
  9 killer bees
  2 howler monkeys
  8 electric eels
  8 lava snakes (Volcano)
  7 crimson imps
  4 quasits
  An elf simulacrum (Crypt:3)
  11 jellies
  Crazy Yiuf (D:3)
  A bullfrog skeleton (Crypt:2)
  2 bullfrog zombies
  2 centaur skeletons
  20 orc priests
  8 hounds
  3 iron imps
  Jessica (D:2)
  25 orc wizards
  A basilisk skeleton (Crypt:2)
  4 iguanas
  Natasha (thrice) (D:2)
  14 worker ants
  A killer bee zombie (D:6)
  A demigod zombie (Crypt:3)
  A big kobold zombie (Crypt:2)
  An ogre zombie (Crypt:1)
  A felid zombie (Crypt:1)
  An ogre skeleton (Abyss:3)
  3 hound zombies
  14 mummies
  A howler monkey zombie (D:5)
  8 adders
  4 gnolls (D:10)
  A river rat (shapeshifter) (Vaults:5)
  A steam dragon zombie (Crypt:1)
  2 swamp drake zombies (Swamp:4)
  A steam dragon skeleton (Crypt:3)
  3 shadow imps
  A white imp (Abyss:2)
  3 ufetubi (Abyss:3)
  2 oozes
  An adder zombie (D:6)
  3 adder skeletons
  4 worms
  A barachi skeleton (Crypt:3)
  6 dart slugs
  2 leopard geckos
  132 orcs
  5 giant cockroaches
  9 hobgoblins
  17 jackals
  3 quokkas
  7 bats
  3 frilled lizards
  8 goblins
  2 goblin skeletons
  A jackal skeleton (Crypt:1)
  28 kobolds
  A kobold zombie (D:2)
  2 leopard gecko skeletons
  2 leopard gecko zombies
  A quokka skeleton (D:6)
  8 rats
  A lurking horror (Abyss:3)
  35 plants
  2 starspawn tentacles
3109 creatures vanquished.

Vanquished Creatures (collateral kills)
  An acid blob (Slime:5)
  A death ooze (Slime:5)
  Erolcha (D:11)
  A hydra (D:11)
  A deep troll (Vaults:3)
  An ugly thing (D:7)
  An orc warrior (D:11)
  An ogre (D:11)
  A wolf (D:11)
  An orc priest (D:11)
  An orc wizard (D:11)
  An iguana (D:11)
  A worker ant (D:11)
  An orc (D:11)
14 creatures vanquished.

Vanquished Creatures (others)
  A deep elf master archer (Elf:3)
  2 tengu reavers (Vaults:5)
  A ghost moth (Zot:4)
  A yaktaur captain (Vaults:3)
  3 vault guards (Vaults:5)
  A shambling mangrove (Swamp:3)
  2 naga sharpshooters (Snake:4)
  2 sixfirhies (Abyss:3)
  7 deep elf archers
  A wizard (Vaults:2)
  2 deep elf magi (Elf:1)
  A cyclops (Vaults:2)
  An ugly thing (Depths:1)
  A black mamba (Snake:4)
  A smoke demon (Volcano)
  10 yaktaurs
  A guardian mummy (Zot:1)
  5 blink frogs (Abyss:3)
  A raiju (Abyss:3)
  An ettin skeleton (Abyss:3)
  2 large abominations (Abyss:3)
  A neqoxec (Abyss:3)
  4 small abominations (Abyss:3)
  A vampire mosquito (Swamp:3)
  9 spatial vortices (Abyss:3)
  An eye of draining (Abyss:3)
  An ogre (Vaults:2)
  A starcursed mass (Abyss:3)
  A hound (D:11)
  An orc wizard (Orc:1)
  An adder (D:11)
  A white imp (Abyss:3)
  2 ufetubi (Abyss:3)
  A leopard gecko (D:11)
  A bush (Depths:1)
  A butterfly (Zot:1)
  25 fungi
  2 lurking horrors
  17 plants
  13 starspawn tentacles
  9 toadstools (Lair:5)
140 creatures vanquished.

Grand Total: 3263 creatures vanquished

Notes
Turn   | Place    | Note
-------+----------+-------------------------------------------
     0 | D:1      | TombWorld the Ghoul Berserker began the quest for the Orb.
     0 | D:1      | Reached XP level 1. HP: 19/19 MP: 0/0
    55 | D:1      | Reached XP level 2. HP: 15/26 MP: 1/1
    74 | D:1      | Upgraded the game from 0.25-a0-768-g6f2fc6e to
                  | 0.25-a0-780-g622e69b
   767 | D:1      | Reached XP level 3. HP: 29/31 MP: 2/2
   868 | D:2      | Noticed an ogre
   929 | D:2      | Noticed Jessica
   939 | D:2      | Killed Jessica
   947 | D:2      | Reached ** piety under Trog
   967 | D:2      | Reached XP level 4. HP: 37/40 MP: 3/3
  1138 | D:2      | Noticed Natasha
  1148 | D:2      | Killed Natasha
  1148 | D:2      | Reached skill level 5 in Unarmed Combat
  1331 | D:2      | Found a runed translucent door.
  1331 | D:2      | Noticed a human
  1337 | D:2      | Found a basalt altar of Yredelemnul.
  1439 | D:2      | Noticed Natasha
  1812 | D:3      | Reached XP level 5. HP: 45/46 MP: 4/4
  2134 | D:3      | Reached skill level 1 in Shields
  2434 | D:3      | Found a runed translucent door.
  2435 | D:3      | Noticed Crazy Yiuf
  2546 | D:3      | Reached XP level 6. HP: 53/53 MP: 5/5
  2586 | D:3      | Reached *** piety under Trog
  2616 | D:3      | Found a glowing golden altar of the Shining One.
  3009 | D:4      | Found a staircase to the Ecumenical Temple.
  3463 | D:4      | Got a pair of fine gloves
  3469 | D:4      | Identified the cursed +0 pair of gloves "Dorio" {rC+} (You
                  | found it on level 4 of the Dungeon)
  3777 | D:5      | Entered Level 5 of the Dungeon
  3777 | D:5      | Noticed a phantom
  3833 | D:5      | Killed a phantom
  3847 | D:5      | Noticed Grinder
  3869 | D:5      | Paralysed by Grinder for 3 turns
  3874 | D:5      | Killed Grinder
  3874 | D:5      | Reached skill level 5 in Fighting
  3874 | D:5      | Reached XP level 7. HP: 50/59 MP: 6/6
  4198 | D:5      | Noticed Blork the orc
  4214 | D:5      | Killed Blork the orc
  4365 | D:6      | Reached XP level 8. HP: 69/70 MP: 7/7
  4687 | D:2      | Killed Natasha
  4845 | D:2      | Noticed Natasha
  4852 | D:2      | Killed Natasha
  4953 | D:3      | Killed Crazy Yiuf
  5578 | D:7      | Reached **** piety under Trog
  5774 | D:7      | Noticed a hippogriff
  5777 | D:7      | Noticed a cyan ugly thing
  5794 | D:7      | Killed a hippogriff
  5794 | D:7      | Reached skill level 10 in Unarmed Combat
  5794 | D:7      | Reached XP level 9. HP: 58/79 MP: 8/8
  5795 | D:7      | Killed a cyan ugly thing
  6161 | D:7      | Noticed Joseph
  6186 | D:7      | Killed Joseph
  6397 | D:8      | Found a flagged portal.
  6410 | Bailey   | Entered a bailey
  6735 | Bailey   | Reached XP level 10. HP: 90/90 MP: 9/9
  7604 | D:8      | Noticed Psyche
  7610 | D:8      | Killed Psyche
  7754 | D:8      | Reached ***** piety under Trog
  7754 | D:8      | Received a gift from Trog
  8241 | D:9      | Reached skill level 5 in Armour
  8259 | D:9      | Noticed a two-headed ogre
  8303 | D:9      | Killed a two-headed ogre
  8303 | D:9      | Reached XP level 11. HP: 80/99 MP: 10/10
  8324 | D:9      | Reached skill level 10 in Fighting
  8353 | D:9      | Reached skill level 5 in Shields
  8439 | D:9      | Found a staircase to the Orcish Mines.
  8805 | D:9      | Noticed a two-headed ogre
  8817 | D:9      | Killed a two-headed ogre
  9087 | D:10     | Entered Level 10 of the Dungeon
  9175 | D:10     | Found a roughly hewn altar of Beogh.
  9206 | D:10     | Received a gift from Trog
  9667 | D:10     | Noticed Maggie
  9681 | D:10     | Killed Maggie
  9747 | D:10     | Noticed a two-headed ogre
  9755 | D:10     | Killed a two-headed ogre
  9899 | D:10     | Noticed a two-headed ogre
  9914 | D:10     | Killed a two-headed ogre
  9919 | D:10     | You fall into a shaft and drop 3 floors!
 10071 | D:12     | Noticed a two-headed ogre
 10091 | D:12     | Killed a two-headed ogre
 10091 | D:12     | Reached XP level 12. HP: 71/108 MP: 11/11
 10179 | D:12     | Received a gift from Trog
 10586 | D:12     | Reached skill level 10 in Armour
 10748 | D:11     | Noticed Erolcha
 10757 | D:11     | Noticed an eight-headed hydra
 10773 | D:11     | Killed an eight-headed hydra
 10795 | D:11     | Killed Erolcha
 11008 | D:11     | Found Nogroacreett's Gadget Shop.
 11406 | D:10     | Reached skill level 15 in Unarmed Combat
 12112 | D:11     | You fall into a shaft and drop 3 floors!
 12144 | D:14     | Noticed a fire dragon
 12158 | D:14     | Killed a fire dragon
 12233 | D:14     | Noticed a fire dragon
 12241 | D:14     | Reached XP level 13. HP: 84/116 MP: 12/12
 12250 | D:14     | Killed a fire dragon
 12339 | D:14     | Noticed a vault guard
 12452 | D:14     | Noticed a fire dragon
 12463 | D:14     | Killed a fire dragon
 12625 | D:13     | Received a gift from Trog
 12678 | D:13     | Found Aweohuc's Food Boutique.
 13496 | D:12     | Found Ociler's Antique Weapon Shoppe.
 14364 | D:14     | Noticed a vault guard
 14604 | D:14     | Noticed a vault guard
 14618 | D:14     | Killed a vault guard
 14895 | D:14     | Killed a vault guard
 14927 | D:14     | Killed a vault guard
 15170 | D:14     | Found a gate to the Vaults.
 15170 | D:14     | Noticed a vault guard
 15170 | D:14     | Noticed a vault guard
 15186 | D:14     | Killed a vault guard
 15186 | D:14     | Reached XP level 14. HP: 107/126 MP: 13/13
 15268 | D:15     | Entered Level 15 of the Dungeon
 15404 | D:15     | Found a staircase to the Depths.
 15407 | D:15     | Paralysed by an ogre mage for 2 turns
 15720 | D:15     | Found a shattered altar of Ashenzari.
 16554 | D:11     | Found a staircase to the Lair.
 17068 | D:11     | Noticed Josephine
 17080 | D:11     | Killed Josephine
 17308 | Lair:1   | Entered Level 1 of the Lair of Beasts
 17493 | Lair:1   | Reached skill level 15 in Armour
 17543 | Lair:1   | You fall into a shaft and drop 1 floor!
 17642 | Lair:2   | Found a staircase to the Swamp.
 18004 | Lair:2   | Received a gift from Trog
 20026 | Lair:4   | Reached XP level 15. HP: 98/135 MP: 14/14
 20231 | Lair:4   | Noticed Nergalle
 20242 | Lair:4   | Killed Nergalle
 20337 | Lair:4   | Found a staircase to the Snake Pit.
 20949 | Lair:5   | Found a runed translucent door.
 20949 | Lair:5   | Noticed Qebum's ghost (journeyman HuBe)
 21009 | Lair:5   | Killed Qebum's ghost
 21203 | Lair:5   | Found a staircase to the Slime Pits.
 21208 | Lair:5   | Found a viscous altar of Jiyva.
 21585 | Lair:5   | Found a runed translucent door.
 22208 | Lair:6   | Entered Level 6 of the Lair of Beasts
 22505 | Lair:5   | Received a gift from Trog
 23146 | Lair:6   | Reached skill level 10 in Shields
 23507 | Lair:6   | Reached XP level 16. HP: 143/144 MP: 15/15
 24415 | Lair:6   | Got a distressingly furry chain mail
 24426 | Lair:6   | Identified the +3 chain mail of Aseom {rElec Str+2 Stlth-}
                  | (You found it on level 6 of the Lair of Beasts)
 24427 | Lair:6   | Upgraded the game from 0.25-a0-780-g622e69b to
                  | 0.25-a0-781-gc44aebf
 24619 | Orc:1    | Entered Level 1 of the Orcish Mines
 24659 | Orc:1    | Found Houpoh's Assorted Antiques.
 24681 | Orc:1    | Found a dark tunnel.
 24692 | Volcano  | Entered a volcano
 24987 | Volcano  | Found a radiant altar of Vehumet.
 25250 | Orc:1    | Found Golieducw's Gadget Shoppe.
 25257 | Orc:1    | Bought a scroll of blinking for 232 gold pieces
 25257 | Orc:1    | Bought a potion of curing for 93 gold pieces
 25257 | Orc:1    | Bought a glowing ruby potion for 27 gold pieces
 25268 | Orc:1    | Found Wame Qing's Assorted Antiques.
 25269 | Orc:1    | Found Vauczuf's Book Boutique.
 25271 | Orc:1    | Noticed Harold
 25299 | Orc:1    | Killed Harold
 25302 | Orc:1    | Noticed Maurice
 25320 | Orc:1    | Noticed Sonja
 25324 | Orc:1    | Killed Maurice
 25600 | Orc:1    | Killed Sonja
 25742 | Orc:1    | Noticed Urug
 25754 | Orc:1    | Killed Urug
 25846 | Orc:1    | Bought a scroll of enchant armour for 202 gold pieces
 25846 | Orc:1    | Bought a scroll of teleportation for 81 gold pieces
 25846 | Orc:1    | Bought a scroll of enchant armour for 202 gold pieces
 25920 | Orc:1    | Found Wublaox's Assorted Antiques.
 25934 | Orc:1    | Bought a short silver wand for 80 gold pieces
 26060 | Orc:2    | Entered Level 2 of the Orcish Mines
 26060 | Orc:2    | Found a staircase to the Elven Halls.
 26060 | Orc:2    | Found Faeckex's General Store.
 26351 | Orc:2    | Received a gift from Trog
 26578 | Orc:2    | Bought a scroll of acquirement for 676 gold pieces
 26578 | Orc:2    | Bought a scroll of identify for 26 gold pieces
 26578 | Orc:2    | Bought a scroll of magic mapping for 45 gold pieces
 26578 | Orc:2    | Bought a potion of haste for 130 gold pieces
 26578 | Orc:2    | Identified a +0 pair of boots of running (You acquired it
                  | on level 2 of the Orcish Mines)
 26578 | Orc:2    | Identified the ring of the Tarantula {rElec rPois rF+ Str-5
                  | Slay+6} (You acquired it on level 2 of the Orcish Mines)
 26585 | Orc:2    | Reached skill level 5 in Dodging
 26585 | Orc:2    | Reached XP level 17. HP: 149/154 MP: 16/16
 26599 | Orc:2    | Found Qikkyopo's Antique Armour Boutique.
 26706 | Orc:2    | Found Setritol's Book Boutique.
 26747 | Orc:1    | HP: 6/154 [ettin/+0 dire flail (29)]
 26748 | Orc:1    | HP: 2/154 [ettin/+0 dire flail (4)]
 27396 | Orc:2    | Found Qacuow's Antique Weapon Shoppe.
 27600 | Orc:2    | Bought a runed plate armour for 780 gold pieces
 27600 | Orc:2    | Bought a pair of embroidered gloves for 225 gold pieces
 27790 | Swamp:1  | Entered Level 1 of the Swamp
 28284 | Swamp:1  | Received a gift from Trog
 28761 | Swamp:2  | Noticed Frances
 28953 | Swamp:1  | Reached XP level 18. HP: 125/161 MP: 17/17
 30184 | Swamp:3  | Reached skill level 15 in Fighting
 30353 | Swamp:3  | Received a gift from Trog
 30990 | Swamp:4  | Entered Level 4 of the Swamp
 32004 | Swamp:4  | Received a gift from Trog
 32356 | Swamp:4  | Noticed a bone dragon
 32381 | Swamp:4  | Killed a bone dragon
 32675 | Swamp:4  | Got a decaying rune of Zot
 33055 | Snake:1  | Entered Level 1 of the Snake Pit
 33743 | Snake:1  | Received a gift from Trog
 33909 | Snake:1  | Reached XP level 19. HP: 169/173 MP: 18/18
 35496 | Snake:3  | Found Uthusuze's Book Boutique.
 35507 | Snake:3  | Received a gift from Trog
 35639 | Snake:3  | Found Zedog's Gadget Shoppe.
 35652 | Snake:3  | Found Elymomy's Gadget Shop.
 35941 | Snake:3  | Found Sadeh's Antique Weapon Shoppe.
 36139 | Snake:3  | Noticed Aizul
 36162 | Snake:3  | Killed Aizul
 36189 | Snake:3  | Found Cuacheng's General Store.
 36473 | Snake:4  | Entered Level 4 of the Snake Pit
 36703 | Snake:4  | Received a gift from Trog
 36859 | Snake:4  | Found a stormy altar of Qazlal.
 37530 | Snake:4  | Received a gift from Trog
 37544 | Snake:4  | Reached XP level 20. HP: 108/186 MP: 19/19
 37880 | Snake:4  | Got a serpentine rune of Zot
 38096 | Slime:1  | Entered Level 1 of the Pits of Slime
 39685 | Lair:5   | Received a gift from Trog
 40907 | Slime:3  | Reached skill level 15 in Shields
 41608 | Slime:5  | Entered Level 5 of the Pits of Slime
 41819 | Slime:5  | Received a gift from Trog
 41831 | Slime:5  | Noticed the Royal Jelly
 42955 | Slime:5  | Found a viscous altar of Jiyva.
 43602 | Slime:3  | HP: 9/191 [death ooze (13)]
 45299 | Vaults:1 | Entered Level 1 of the Vaults
 45306 | Vaults:1 | Reached XP level 21. HP: 186/192 MP: 20/20
 45358 | Vaults:1 | Found Zeybock's General Store.
 45366 | Vaults:1 | Bought the ring of Wapnaun {rPois rF- rC+ MR++} for 526
                  | gold pieces
 45370 | Vaults:1 | Found Tysaim's Assorted Antiques.
 45389 | Vaults:1 | Found Viowemn's Assorted Antiques.
 45620 | Vaults:1 | Found Mebuptea's Weapon Emporium.
 45637 | Vaults:1 | Found Pilunor's Distillery.
 45738 | Vaults:1 | Received a gift from Trog
 46768 | Vaults:2 | Received a gift from Trog
 47222 | Vaults:2 | Reached skill level 10 in Dodging
 47230 | Vaults:2 | Received a gift from Trog
 47502 | Vaults:2 | Identified the +8 mace "Dougy" {drain, +Blink rF+++ rN+
                  | Int-4}
 47683 | Vaults:2 | Reached XP level 22. HP: 196/211 MP: 21/21
 48616 | Vaults:3 | Received a gift from Trog
 48628 | Vaults:3 | Reached skill level 1 in Throwing
 48669 | Vaults:3 | Found Siafuuz's Gadget Shop.
 49200 | Vaults:3 | Received a gift from Trog
 49849 | Vaults:3 | Found a staircase to the Crypt.
 50257 | Vaults:4 | Received a gift from Trog
 50412 | Vaults:4 | Found Koec's Antique Weapon Shop.
 50491 | Vaults:4 | Identified the +0 hat of Otuon {*Corrode rN+ Int+2 Dex+4}
                  | (You acquired it on level 4 of the Vaults)
 50492 | Vaults:4 | Identified the ring "Unallixy" {rF+ MP+9 Str+3} (You
                  | acquired it on level 4 of the Vaults)
 50664 | Vaults:4 | Reached XP level 23. HP: 128/222 MP: 22/22
 50752 | Vaults:4 | Found Huah's Weapon Shop.
 50865 | Vaults:4 | Found Poirous's General Store.
 50941 | Vaults:4 | Received a gift from Trog
 51233 | Vaults:4 | Found Onuogam's Armour Boutique.
 51967 | Elf:1    | Entered Level 1 of the Elven Halls
 52170 | Elf:1    | Received a gift from Trog
 52579 | Elf:1    | Found Qunaigg's Food Shop.
 52724 | Elf:1    | Received a gift from Trog
 53270 | Elf:2    | Found a runed translucent gate.
 53272 | Elf:2    | Found a runed translucent gate.
 53277 | Elf:2    | Found a runed translucent gate.
 53289 | Elf:2    | Identified the +1 buckler of Tartarus {+Inv}
 53597 | Elf:2    | Reached ****** piety under Trog
 53777 | Elf:2    | Received a gift from Trog
 53969 | Elf:3    | Entered Level 3 of the Elven Halls
 54386 | Elf:3    | Received a gift from Trog
 54532 | Elf:3    | Found Boneonus's Food Shop.
 55174 | Elf:3    | Reached XP level 24. HP: 204/232 MP: 22/22
 55196 | Elf:3    | Received a gift from Trog
 56061 | Elf:3    | Reached skill level 15 in Dodging
 56099 | Elf:3    | Identified the ring "Itobuj" {rF+ rN+ Str+3 SInv}
 56218 | Elf:3    | Got a brightly glowing chain mail
 56229 | Elf:3    | Identified the +6 chain mail of the Modern Hells {MR+ SInv}
                  | (You found it on level 3 of the Elven Halls)
 56268 | Elf:3    | Got faintly glowing ice dragon scales
 56279 | Elf:3    | Identified the +4 ice dragon scales "Pila" {rF- rC++ Dex+9}
                  | (You found it on level 3 of the Elven Halls)
 56325 | Elf:3    | Got a blackened buckler
 56336 | Elf:3    | Identified the cursed -8 buckler of the Saviour {rPois rC+
                  | Str+4} (You found it on level 3 of the Elven Halls)
 56668 | Vaults:1 | Bought a scroll of acquirement for 1352 gold pieces
 56668 | Vaults:1 | Identified the ring "Rig Teps" {MP+9 Dex+6 Stlth-} (You
                  | acquired it on level 1 of the Vaults)
 56818 | Vaults:4 | Bought the +6 arbalest "Damnation" {damnation} for 1600
                  | gold pieces
 56818 | Vaults:4 | Found the +6 arbalest "Damnation" {damnation}
 58173 | Slime:5  | Killed the Royal Jelly
 58284 | Slime:5  | Got a slimy rune of Zot
 58305 | Slime:5  | Identified the ring of Moodiness {rF+ Dex+3} (You acquired
                  | it on level 5 of the Pits of Slime)
 58305 | Slime:5  | Identified the +1 pair of gloves "Tuoz" {*Corrode Slay+5}
                  | (You acquired it on level 5 of the Pits of Slime)
 58844 | Depths:1 | Entered Level 1 of the Depths
 58960 | Depths:1 | Received a gift from Trog
 59417 | Depths:1 | Found a gateway to Hell.
 59552 | Depths:1 | Received a gift from Trog
 60507 | Depths:2 | Reached skill level 5 in Throwing
 60568 | Depths:2 | Reached XP level 25. HP: 234/240 MP: 22/22
 60614 | Depths:2 | Received a gift from Trog
 60900 | Depths:2 | Found Iplilaik's Gadget Shop.
 60900 | Depths:2 | Found Galy's Jewellery Shoppe.
 60901 | Depths:2 | Found Nauzocho's Jewellery Shoppe.
 61060 | Depths:2 | Found a one-way gate leading to the halls of Pandemonium.
 61081 | Depths:2 | Found a gateway to a ziggurat.
 61395 | Depths:2 | Identified the +4 robe of Deil {Str+3}
 61477 | Depths:2 | You fall into a shaft and drop 2 floors!
 61582 | Depths:2 | Got an ancient arbalest
 61589 | Depths:2 | Identified the +8 arbalest "Kuphe" {venom, rElec Str-4
                  | Dex+2 SInv} (You found it on level 2 of the Depths)
 62025 | Depths:2 | Found a radiant altar of Vehumet.
 62091 | Depths:2 | Got a smoking hat
 62097 | Depths:2 | Identified the cursed +0 hat of Xotar {rCorr Int+4} (You
                  | found it on level 2 of the Depths)
 62149 | Depths:2 | Got a faintly glowing hat
 62160 | Depths:2 | Identified the cursed +0 hat of Fun {-Cast rF+++ MR+++
                  | Dex-2} (You found it on level 2 of the Depths)
 62330 | Hell     | Entered the Vestibule of Hell
 62330 | Hell     | Noticed Geryon
 62367 | Hell     | Killed Geryon
 62389 | Hell     | Received a gift from Trog
 63769 | Depths:3 | Received a gift from Trog
 64579 | Depths:4 | Found a shattered altar of Ashenzari.
 64729 | Depths:4 | Found a burning altar of Makhleb.
 64784 | Depths:4 | Received a gift from Trog
 64890 | Depths:4 | Found a shadowy altar of Dithmenos.
 64967 | Depths:4 | Noticed a juggernaut
 64988 | Depths:4 | Killed a juggernaut
 64988 | Depths:4 | Reached XP level 26. HP: 215/251 MP: 22/22
 65425 | Depths:4 | Identified the +0 scale mail of the Cricket {Int+4}
 65425 | Depths:4 | Identified the ring "Ulog" {+Fly rElec rPois rF+ rCorr
                  | Str-5}
 65574 | Depths:4 | Identified the amulet of Xing {Spirit MR++ Stlth-} (You
                  | acquired it on level 4 of the Depths)
 65574 | Depths:4 | Identified the +13 crystal plate armour of Minor Irritation
                  | {MR+ Int+3} (You acquired it on level 4 of the Depths)
 66403 | Depths:4 | Found a blossoming altar of Fedhas.
 66405 | Depths:4 | Found a one-way gate to the infinite horrors of the Abyss.
 66551 | Depths:4 | Received a gift from Trog
 66667 | Depths:5 | Entered Level 5 of the Depths
 66728 | Depths:5 | Found Uvomy's Antique Weapon Shoppe.
 67127 | Depths:5 | Cast into level 2 of the Abyss (hell knight)
 67419 | Abyss:2  | Received a gift from Trog
 67426 | Abyss:2  | Paralysed by accursed screaming for 1 turns
 68134 | Abyss:3  | Received a gift from Trog
 68398 | Abyss:3  | Found a shadowy altar of Dithmenos.
 68540 | Abyss:3  | Reached XP level 27. HP: 175/260 MP: 22/22
 68862 | Abyss:3  | Received a gift from Trog
 69158 | Abyss:3  | Got an abyssal rune of Zot
 69383 | Abyss:3  | Received a gift from Trog
 69389 | Abyss:3  | Found a corrupted altar of Lugonu.
 69588 | Depths:5 | Escaped the Abyss
 70355 | Depths:5 | Found a gate to the Realm of Zot.
 70808 | Vaults:5 | Entered Level 5 of the Vaults
 70835 | Vaults:5 | Received a gift from Trog
 70849 | Vaults:5 | Noticed an ancient lich
 70970 | Vaults:5 | Killed an ancient lich
 70970 | Vaults:5 | Reached skill level 10 in Throwing
 71043 | Vaults:4 | Received a gift from Trog
 71241 | Vaults:5 | Got a silver rune of Zot
 71390 | Vaults:5 | Noticed an ancient lich
 71410 | Vaults:5 | Killed an ancient lich
 71524 | Vaults:5 | Received a gift from Trog
 71820 | Vaults:5 | Found Pemiedah's Gadget Emporium.
 71834 | Vaults:5 | Found Diep's Magic Scroll Shop.
 71835 | Vaults:5 | Found Bit Nihu's Distillery.
 72498 | Vaults:5 | Found Pauno's Gadget Boutique.
 72808 | Vaults:5 | Identified a +1 pair of boots of running (You found it on
                  | level 5 of the Vaults)
 72860 | Vaults:5 | Bought a potion of heal wounds for 50 gold pieces
 72860 | Vaults:5 | Bought a potion of curing for 30 gold pieces
 72860 | Vaults:5 | Bought a potion of heal wounds for 50 gold pieces
 72860 | Vaults:5 | Bought a potion of cancellation for 80 gold pieces
 72860 | Vaults:5 | Bought a potion of curing for 30 gold pieces
 72860 | Vaults:5 | Bought a potion of curing for 30 gold pieces
 73195 | Zot:1    | Entered Level 1 of the Realm of Zot
 73242 | Zot:1    | Received a gift from Trog
 73305 | Zot:1    | Found a large runed translucent door.
 73306 | Zot:1    | Found a large runed translucent door.
 73307 | Zot:1    | Found a large runed translucent door.
 73307 | Zot:1    | Found a shimmering altar of Xom.
 73307 | Zot:1    | Found a large runed translucent door.
 73310 | Zot:1    | Identified the +10 battleaxe of Responsibility {chaos, MR-
                  | MP+9 Stlth+}
 73336 | Zot:1    | Found a large runed translucent door.
 73336 | Zot:1    | Found a large runed translucent door.
 73374 | Zot:1    | Found a large runed translucent door.
 73391 | Zot:1    | Found a large runed translucent door.
 73398 | Zot:1    | Identified the +11 longbow of the New World {chaos, rElec}
 73434 | Zot:1    | Identified the +4 scale mail of the Ancient Coins {Str+3}
 73437 | Zot:1    | Identified the cursed +0 chain mail of Prudence {rElec MR-
                  | Int-2 Dex+9}
 73750 | Zot:1    | Found a runed translucent door.
 73823 | Zot:1    | Noticed FromWork's ghost (legendary MfBe)
 74100 | Zot:1    | Noticed a juggernaut
 74115 | Zot:1    | Killed a juggernaut
 74302 | Zot:2    | Received a gift from Trog
 74331 | Zot:2    | Noticed an orb of fire
 74352 | Zot:2    | Killed an orb of fire
 75103 | Zot:2    | You fall into a shaft and drop 2 floors!
 75124 | Zot:4    | Received a gift from Trog
 75262 | Zot:4    | Found a transporter.
 75316 | Zot:4    | Found the +0 mask of the Dragon {MR+ Slay+3 SInv}
 75624 | Zot:4    | Reached skill level 27 in Fighting
 76926 | Zot:5    | Entered Level 5 of the Realm of Zot
 77108 | Zot:5    | Received a gift from Trog
 77820 | Zot:5    | Noticed an orb of fire
 77822 | Zot:5    | Noticed an ancient lich
 77841 | Zot:5    | Killed an ancient lich
 77855 | Zot:5    | Killed an orb of fire
 77922 | Zot:5    | Reached skill level 27 in Unarmed Combat
 78307 | Zot:5    | Received a gift from Trog
 78446 | Zot:5    | Noticed an orb of fire
 78459 | Zot:5    | Killed an orb of fire
 78459 | Zot:5    | Reached skill level 15 in Throwing
 80492 | Swamp:2  | Killed Frances
 81086 | Zot:1    | Killed FromWork's ghost
 81272 | Zot:4    | Found a transporter.
 81734 | Depths:2 | Bought the ring of Ynunne Hunu {rElec rF+ MR+ AC+3 Str+3}
                  | for 1078 gold pieces
 82017 | Crypt:1  | Entered Level 1 of the Crypt
 82033 | Crypt:1  | Received a gift from Trog
 82399 | Crypt:1  | Received a gift from Trog
 82784 | Crypt:2  | Noticed Saint Roka
 82804 | Crypt:2  | Killed Saint Roka
 83139 | Crypt:2  | Noticed Jory
 83158 | Crypt:2  | Killed Jory
 83497 | Crypt:3  | Entered Level 3 of the Crypt
 83499 | Crypt:3  | Found a staircase to the Tomb.
 83534 | Crypt:3  | Received a gift from Trog
 83780 | Crypt:3  | Noticed Khufu
 83783 | Crypt:3  | Noticed a greater mummy
 83793 | Crypt:3  | Noticed a greater mummy
 83799 | Crypt:3  | Killed Khufu
 83853 | Crypt:3  | Killed a greater mummy
 83879 | Crypt:3  | Killed a greater mummy
 83959 | Crypt:3  | Received a gift from Trog
 84074 | Crypt:3  | Noticed an ancient lich
 84090 | Crypt:3  | Killed an ancient lich
 84103 | Crypt:3  | Got a shimmering ivory ring
 84120 | Crypt:3  | Got a pitted iron ring
 84121 | Crypt:3  | Identified the ring "Georon" {rElec rC- rCorr Str+10 Dex-3}
                  | (You found it on level 3 of the Crypt)
 84122 | Crypt:3  | Identified the ring "Bicrivv Akaxt" {Wiz *Corrode rElec
                  | Int+9} (You found it on level 3 of the Crypt)
 84126 | Crypt:3  | Got faintly humming pearl dragon scales
 84127 | Crypt:3  | Identified the +10 pearl dragon scales of the Elven Halls
                  | {+Blink +Inv rN+ rCorr Dex-3} (You found it on level 3 of
                  | the Crypt)
 84645 | Tomb:1   | Entered Level 1 of the Tomb of the Ancients
 84843 | Tomb:1   | Received a gift from Trog
 85627 | Tomb:1   | Noticed a greater mummy
 85638 | Tomb:1   | Killed a greater mummy
 85979 | Tomb:2   | Noticed an ancient lich
 85981 | Tomb:2   | Noticed a greater mummy
 85984 | Tomb:2   | Noticed a greater mummy
 85985 | Tomb:2   | Noticed an ancient lich
 85988 | Tomb:2   | Noticed a greater mummy
 86000 | Tomb:2   | HP: 4/273 [phantasmal warrior[a mummy priest] (12)]
 86008 | Tomb:2   | HP: 5/273 [greater mummy/divine providence (14)]
 86010 | Tomb:2   | Killed from afar by a greater mummy

Levels and vault maps discovered:
D:1:      lightli_arrival_maybe_door_vault, layout_loops_cross
D:2:      layout_loops_cross, first_ration, dk_yredelemnul_ordeal, uniq_natasha,
          uniq_jessica
D:3:      layout_loops_corners, nicolae_tso_carved_into_rock,
          uniq_crazy_yiuf_cottage
D:4:      layout_basic, minmay_temple_entry_fiery, hex_medium, minivault_4
D:5:      layout_rooms, kennysheep_generic_room_11, uniq_blork_the_orc,
          uniq_grinder
D:6:      layout_gridville, minmay_crystal_room
D:7:      layout_loops_ring, uniq_joseph
D:8:      layout_gridville, enter_bailey_2, uniq_psyche
D:9:      layout_roguey, david_orc_4
D:10:     layout_roguey [special_room_orc], uniq_maggie
D:11:     layout_basic, erik_lair_island, serial_shops, nicolae_shop_waterfront,
          hangedman_fish_farm, uniq_erolcha, uniq_josephine
D:12:     layout_long_grid, serial_shops, kennysheep_mini_moat
D:13:     layout_roguey, serial_shops, shop
D:14:     minmay_the_grid_octo_tiled_octocenter [minmay_the_grid_octo_focus,
          minmay_the_grid_octo_77, minmay_the_grid_octo_clover_2,
          minmay_the_grid_octo_chip, minmay_the_grid_octo_prize_big_c,
          minmay_the_grid_square_5x5_hourglass,
          minmay_the_grid_square_5x5_forky, minmay_the_grid_square_5x5_seven,
          minmay_the_grid_square_5x5_fancy_junction], layout_basic,
          grunt_vaults_entry_fortified, hangedman_abyss_or_decor_lesser_grid
D:15:     grunt_enter_depths_magical_seal, layout_basic, abandoned_shop,
          st_stairs_5, evilmike_ruin_ashenzari
Lair:1:   layout_misc_corridors, minmay_lair_oklob_chamber
Lair:2:   layout_cave_pods, swamp_mist_pool, minivault_23, beast_lair_carwin_3
Lair:3:   layout_regular_city, st_stairs_13, chequers_serial_rivers_micro_e,
          lemuel_fruit_fields
Lair:4:   layout_gridlike, dummy_snake_entry, grunt_megastairs_3,
          serial_bayou_shore_b, uniq_nergalle
Lair:5:   gammafunk_lair_enchanted_lake, layout_cave_shapes, slime_altar_1,
          ebering_ghost_inner_flame
Lair:6:   due_jungle_book, layout_loops_ring, serial_bayou_shore_b
Swamp:1:  layout_basic_swamp, evilmike_swamp_ruin_house_2, swamp_pool3
Swamp:2:  layout_basic_swamp, evilmike_swamp_ruin_house_4, swamp_pool4,
          nicolae_swamp_trees_clearing, st_swamp_ruins_3, uniq_frances
Swamp:3:  layout_basic_swamp, hangedman_swamp_diagram, swamp_pool5
Swamp:4:  swamp_pestilence, layout_basic_swamp
Snake:1:  layout_chambers
Snake:2:  layout_grid_shapes, drop_trap
Snake:3:  layout_grid_shapes, serial_shops, nicolae_shop_stone, shop, shop,
          shop, shop, serial_bayou_shore_a, uniq_aizul
Snake:4:  snake_pit, layout_misc_corridors, basic_altar
Slime:1:  layout_caves
Slime:2:  nicolae_slime_jelly_donut, layout_caves
Slime:3:  layout_caves
Slime:4:  layout_caves
Slime:5
Orc:1:    layout_caves, serial_shops, shop, shop_fountains, shop,
          nicolae_shop_stone, shop, nicolae_volcano_entry_vermiform, uniq_urug,
          uniq_maurice, uniq_harold, uniq_sonja
Orc:2:    grunt_orc_gardens, layout_caves, grunt_orc_garden, grunt_orc_garden,
          grunt_orc_garden, grunt_orc_garden
Elf:1:    layout_geoelf_grid, serial_shops, shop, minivault_28,
          kilobyte_rumbling_trees
Elf:2:    layout_loops_cross
Elf:3:    minmay_elf_hall_dome, layout_gridlike, serial_shops, shop
Vaults:1: v_misc_2, v_misc_29, ontoclasm_vaults_ligature,
          nicolae_vaults_angled_halls, vaults_room_fours,
          grunt_vaults_hallway_short, hangedman_vaults_locks,
          nicolae_vaults_network_square, vaults_room_boxed,
          vaults_dpeg_diagonal, v_misc_17, vaults_room_stairs_pillars,
          nicolae_vaults_specimen_jars, nicolae_vaults_statue_guard,
          vaults_mumra_lcd, ontoclasm_vaults_ring_square,
          layout_vaults_maze_bifur, serial_shops, nicolae_shop_stone,
          nicolae_shop_behind_doors, nicolae_shop_stone,
          nicolae_shop_waterfront, nicolae_shop_statue_plus
Vaults:2: grunt_vaults_twisty, v_misc_10, v_misc_25, v_rooms_1,
          nicolae_vaults_little_squares_1, nicolae_vaults_what_the_h, v_misc_30,
          nicolae_vaults_border_crossing, nicolae_vaults_asterisk,
          nicolae_vaults_shelves_hall, layout_vaults_omnicross
Vaults:3: hangedman_vaults_nodes, vaults_room_hangedman_quadrants,
          hangedman_vaults_corner_blocks, blue_anna_dwarven_crypt,
          hangedman_vaults_cutoff, nicolae_vaults_mini_display_case, v_misc_19,
          grunt_vaults_focal, vaults_room_door_ring, vaults_room_pools,
          hangedman_vaults_impose, v_misc_25, hangedman_vaults_maws,
          layout_vaults_big_room, serial_shops, shop
Vaults:4: ontoclasm_vaults_ring_square, ontoclasm_vaults_ring_small,
          hangedman_vaults_slice, v_misc_24, vaults_room_semicircle,
          vaults_dpeg_ring, nicolae_vaults_alarming, vaults_dpeg_hooks,
          nicolae_vaults_quartermaster, nicolae_vaults_little_squares_2,
          layout_vaults_quadrants, serial_shops, nicolae_shop_statue_plus,
          shop_coins, shop, shop_fountains
Vaults:5: serial_shops
Crypt:1:  layout_misc_corridors
Crypt:2:  layout_gridlike, grunt_ministairs_7, nicolae_crypt_small_crypt,
          moated_statue, uniq_saint_roka, uniq_jory
Crypt:3:  david_glass_crypt, layout_basic, minmay_misc_feat_columns, uniq_khufu
Tomb:1
Tomb:2
Depths:1: layout_small_grid, grunt_hell_entry_dis_old, minmay_hedge_maze,
          kennysheep_windowed_goal
Depths:2: kennysheep_large_spiral, layout_gridlike, enter_ziggurat_c,
          rand_demon_pan_entry_7, hell_entry, grunt_tower_of_power,
          infiniplex_staircase_trident, grunt_megastairs_2, minmay_shop_grove,
          serial_bayou_shore_b, serial_bayou_shore_b
Depths:3: minmay_split_circle, layout_basic, hangedman_decor_clover_reticule,
          hell_entry, rand_demon_pan_entry_5, infiniplex_staircase_pool_lava
Depths:4: grunt_profane_halls [grunt_profane_temple_tar,
          grunt_profane_temple_dis, grunt_profane_temple_coc,
          grunt_profane_temple_geh, grunt_profane_loot], hell_entry,
          abyss_entry, serial_shops
Depths:5: grunt_bruiser_brothers, layout_cave_pools, serial_shops,
          nicolae_shop_temple_entry_statues_fountains, grunt_mini_vestibule,
          pan_entry, dk_noncrumbling_4
Hell
Zot:1:    layout_misc_corridors, ebering_ghost_reflecting_pool,
          grunt_ministairs_14, hangedman_xom_zot_hilarity
Zot:2:    layout_gridlike, grunt_megastairs_4
Zot:3:    layout_basic
Zot:4:    layout_onion_interference, chequers_guarded_unrand_mask_of_the_dragon
Zot:5:    layout_misc_corridors, st_stairs_11

Skill      XL: |  1  2  3  4  5  6  7  8  9 10 11 12 13 14 15 16 17 18 19 20 21 22 23 24 25 26 27 |
---------------+----------------------------------------------------------------------------------+-----
Unarmed Combat | 4 5 6 7 8 10 11 13 14 15 16 17 18 19 20 21 22 23 24 27 | 27.0
Fighting       | 4 5 7 8 9 10 11 12 13 14 16 17 19 20 21 22 23 27 | 27.0
Shields        | 1 2 3 4 6 7 8 9 10 11 12 14 15 16 18 19 25 | 25.3
Armour         | 5 9 11 13 15 16 17 19 20 21 22 | 22.8
Dodging        | 3 5 7 10 11 14 15 | 15.6
Throwing       | 4 5 7 8 16 | 16.0
Stealth        | |  0.4

Action                   |  1- 3 |  4- 6 |  7- 9 | 10-12 | 13-15 | 16-18 | 19-21 | 22-24 | 25-27 || total
-------------------------+-------+-------+-------+-------+-------+-------+-------+-------+-------++-------
Melee: Unarmed           |    82 |   292 |   345 |   844 |  1584 |  1496 |  1771 |  1821 |  4299 || 12534
 Fire: Hunting sling     |       |       |    20 |   168 |       |       |       |       |       ||   188
Throw: Javelin           |       |       |       |       |     4 |    10 |     5 |     9 |       ||    28
Invok: Trog's Hand       |       |     2 |     4 |     9 |    10 |    12 |     5 |     5 |     1 ||    48
       Brothers in Arms  |       |       |     1 |     1 |       |       |       |     1 |       ||     3
 Abil: Evoke Invisibilit |       |       |       |       |       |       |       |       |     6 ||     6
       Stop Flying       |       |       |       |       |       |       |       |       |     1 ||     1
Evoke: Wand              |       |       |       |       |       |     4 |     6 |       |     6 ||    16
       Phantom mirror    |       |       |       |       |       |       |       |     1 |       ||     1
  Use: Scroll            |       |       |     4 |    14 |    13 |     7 |     7 |    10 |    32 ||    87
       Potion            |       |       |       |       |       |     2 |    16 |     3 |    20 ||    41
 Stab: Petrified         |       |       |       |       |     9 |       |       |       |       ||     9
       Petrifying        |       |       |       |       |     2 |       |       |       |       ||     2
       Paralysed         |       |       |       |       |       |     2 |       |       |       ||     2
       Distracted        |       |       |       |       |       |       |       |     2 |     3 ||     5
       Invisible         |       |       |       |       |       |       |       |       |     8 ||     8
       Held in net/web   |       |       |       |       |       |       |       |       |     1 ||     1
  Eat: Chunk             |    12 |    17 |    26 |    76 |   137 |   128 |   127 |   116 |   245 ||   884
       Ration            |       |       |       |       |       |       |    12 |     2 |    11 ||    25
Armor: Animal skin       |    11 |       |       |       |       |       |       |       |       ||    11
       Chain mail        |     4 |   118 |       |   200 |   589 |    92 |       |       |       ||  1003
       Plate armour      |       |    20 |   171 |   176 |       |   648 |   863 |   529 |   284 ||  2691
       Fire dragon scale |       |       |       |       |       |   173 |       |       |       ||   173
       Crystal plate arm |       |       |       |       |       |       |       |       |  1581 ||  1581
Dodge: Dodged            |    42 |    51 |    80 |   221 |   300 |   498 |   328 |   345 |   911 ||  2776
Block: Other             |     3 |     5 |       |       |       |       |       |       |       ||     8
       Buckler           |       |    90 |   177 |   388 |   539 |   929 |   503 |       |       ||  2626
       Reflection        |       |     2 |     7 |    15 |    15 |    42 |   108 |   121 |   136 ||   446
       Kite shield       |       |       |       |       |       |       |   458 |  1122 |  2855 ||  4435
       Tower shield      |       |       |       |       |       |       |       |       |   983 ||   983

Table legend:
 A = Non-vault XP
 B = Vault XP
 C = Vault XP percentage of total XP
 D = Non-vault monster count
 E = Vault monster count
 F = Vault count percentage of total count
                 A         B        C        D         E       F
            +---------+---------+-------+---------+---------+-------
      Total | 1198906 |  983415 |  45.1 |    2123 |     977 |  31.5
            +---------+---------+-------+---------+---------+-------
        D:1 |      34 |       0 |   0.0 |      20 |       0 |   0.0
        D:2 |     242 |     256 |  51.4 |      19 |       5 |  20.8
        D:3 |     191 |      41 |  17.7 |      41 |       1 |   2.4
        D:4 |      40 |       0 |   0.0 |       6 |       0 |   0.0
        D:5 |     368 |     388 |  51.3 |       9 |       2 |  18.2
        D:6 |     567 |       0 |   0.0 |      29 |       0 |   0.0
        D:7 |    1471 |     450 |  23.4 |      22 |       1 |   4.3
        D:8 |    2035 |     439 |  17.7 |      37 |       1 |   2.6
        D:9 |    3624 |     587 |  13.9 |      33 |      16 |  32.7
       D:10 |    3760 |    1436 |  27.6 |      34 |      27 |  44.3
       D:11 |    4820 |    3546 |  42.4 |      35 |      15 |  30.0
       D:12 |    6677 |       0 |   0.0 |      36 |       0 |   0.0
       D:13 |    3881 |       0 |   0.0 |      35 |       0 |   0.0
       D:14 |    3038 |   20335 |  87.0 |      18 |      36 |  66.7
       D:15 |    5638 |    6328 |  52.9 |      20 |      11 |  35.5
     Lair:1 |    2804 |    2829 |  50.2 |      12 |       6 |  33.3
     Lair:2 |    6546 |     695 |   9.6 |      33 |       4 |  10.8
     Lair:3 |    2327 |       0 |   0.0 |      13 |       0 |   0.0
     Lair:4 |    1752 |    1855 |  51.4 |       6 |       3 |  33.3
     Lair:5 |   22037 |    5517 |  20.0 |      51 |      12 |  19.0
     Lair:6 |   28871 |    2908 |   9.2 |      41 |       5 |  10.9
    Swamp:1 |   14156 |       0 |   0.0 |      42 |       0 |   0.0
    Swamp:2 |    8563 |    8916 |  51.0 |      26 |       9 |  25.7
    Swamp:3 |   14614 |     907 |   5.8 |      43 |       5 |  10.4
    Swamp:4 |    6477 |   14330 |  68.9 |      19 |      46 |  70.8
    Snake:1 |   28177 |       0 |   0.0 |      52 |       0 |   0.0
    Snake:2 |   19771 |       0 |   0.0 |      28 |       0 |   0.0
    Snake:3 |   12481 |    1750 |  12.3 |      26 |       1 |   3.7
    Snake:4 |   27132 |   29439 |  52.0 |      52 |      43 |  45.3
    Slime:1 |    8640 |       0 |   0.0 |      15 |       0 |   0.0
    Slime:2 |    7213 |     377 |   5.0 |      12 |       9 |  42.9
    Slime:3 |   12793 |       0 |   0.0 |       9 |       0 |   0.0
    Slime:4 |    7691 |       0 |   0.0 |      17 |       0 |   0.0
    Slime:5 |   17236 |   27782 |  61.7 |      25 |      10 |  28.6
      Orc:1 |    9855 |    4793 |  32.7 |      37 |       6 |  14.0
      Orc:2 |    4692 |    7779 |  62.4 |      34 |      11 |  24.4
      Elf:1 |   26699 |    7707 |  22.4 |      44 |      16 |  26.7
      Elf:2 |   13803 |   21734 |  61.2 |      23 |      28 |  54.9
      Elf:3 |   27116 |   39252 |  59.1 |      47 |      26 |  35.6
   Vaults:1 |   25037 |   14476 |  36.6 |      46 |      18 |  28.1
   Vaults:2 |   42088 |   32634 |  43.7 |      73 |      42 |  36.5
   Vaults:3 |   44925 |   19398 |  30.2 |      57 |      25 |  30.5
   Vaults:4 |   54276 |   25688 |  32.1 |      62 |      23 |  27.1
   Vaults:5 |   26011 |  128804 |  83.2 |      39 |      83 |  68.0
    Crypt:1 |   33558 |       0 |   0.0 |      54 |       0 |   0.0
    Crypt:2 |   28854 |   12930 |  30.9 |      38 |      13 |  25.5
    Crypt:3 |   40345 |   50987 |  55.8 |      52 |      18 |  25.7
     Tomb:1 |    2908 |   37279 |  92.8 |      13 |      39 |  75.0
     Tomb:2 |     331 |    5791 |  94.6 |       1 |       7 |  87.5
   Depths:1 |   60333 |     517 |   0.8 |      81 |       1 |   1.2
   Depths:2 |   33526 |   36247 |  51.9 |      49 |      28 |  36.4
   Depths:3 |   35597 |    7607 |  17.6 |      47 |      13 |  21.7
   Depths:4 |    6622 |   99613 |  93.8 |       7 |     105 |  93.8
   Depths:5 |   42559 |   18628 |  30.4 |      47 |      17 |  26.6
       Hell |    4289 |   13552 |  76.0 |       5 |      16 |  76.2
      Zot:1 |   57505 |   56028 |  49.3 |      33 |      22 |  40.0
      Zot:2 |   63765 |    8471 |  11.7 |      35 |       4 |  10.3
      Zot:3 |   43858 |       0 |   0.0 |      28 |       0 |   0.0
      Zot:4 |   42786 |   42160 |  49.6 |      26 |      19 |  42.2
      Zot:5 |   47260 |  145117 |  75.4 |      29 |      40 |  58.0
    Abyss:2 |   43081 |       0 |   0.0 |      79 |       0 |   0.0
    Abyss:3 |   51560 |    8917 |  14.7 |     121 |      28 |  18.8
     Bailey |       0 |    2295 | 100.0 |       0 |      39 | 100.0
    Volcano |       0 |    3900 | 100.0 |       0 |      22 | 100.0
            +---------+---------+-------+---------+---------+-------
